 Dungeon Crawl Stone Soup version 0.31.0-32-g396128a36d (webtiles) character file.

Game seed: 16471834991517936070

2554 Zeor the Covert (level 9, -5/46 HPs)
             Began as a Vine Stalker Brigand on Apr 16, 2024.
             Killed from afar by an electric eel (7 damage)
             ... with a bolt of electricity
             ... on level 7 of the Dungeon.
             The game lasted 00:21:15 (5359 turns).

Zeor the Covert (Vine Stalker Brigand)              Turns: 5359, Time: 00:21:15

Health: -5/46      AC:  5    Str: 14    XL:     9   Next: 56%
Magic:  0/10       EV: 17    Int: 11    God:
Gold:   222        SH:  6    Dex: 20    Spells: 1/8 levels left

rFire   + . .        b - +3 rapier (vamp)
rCold   . . .        l - +0 buckler
rNeg    . . .        C - +0 leather armour {rF+}
rPois   .            (no helmet)
rElec   .            c - +1 cloak
rCorr   .            (no gloves)
SInv    .            (no boots)
Will    ++...        B - amulet of the acrobat
Stlth   ++++         K - ring of Geamoilo {Wiz Will+}
HPRegen 1.07/turn    f - +5 ring of evasion
MPRegen 0.12/turn

%: acrobat, guardian spirit, wizardry (x1)
@: mighty
A: fangs 3, regeneration 1, magic shield, antimagic bite, no potion heal 2
a: no special abilities


You were on level 7 of the Dungeon.
You visited 2 branches of the dungeon, and saw 8 of its levels.

You collected 222 gold pieces.

Inventory:

Hand Weapons
 a - a +2 dagger
 b - a +3 vampiric rapier (weapon)
 x - a +0 long sword
 H - a +1 short sword of venom
Missiles
 d - 20 poisoned darts (quivered)
 e - 3 curare-tipped darts
 k - 2 silver javelins
 m - 3 javelins
 A - 2 throwing nets
 D - 3 darts of dispersal
Armour
 c - a +1 cloak (worn)
 i - a scarf of invisibility
 l - a +0 buckler (worn)
 q - a +1 robe of willpower
 r - an orb of light
 z - a +0 kite shield
 C - a +0 leather armour of fire resistance (worn)
Jewellery
 f - a +5 ring of evasion (right hand)
 p - a ring of positive energy
 u - an amulet of magic regeneration
 w - a ring of protection from fire
 B - an amulet of the acrobat (around neck)
 E - an amulet of faith
 K - the ring of Geamoilo (left hand) {Wiz Will+}
   (You took it off a gnoll sergeant on level 7 of the Dungeon)

   [ring of wizardry]

   Wiz:       It improves your spell success rate.
   Will+:     It increases your willpower.
Wands
 I - a wand of acid (9)
Scrolls
 o - a scroll of teleportation
 y - a scroll of blinking
 F - a scroll of amnesia
 J - a scroll of enchant weapon
Potions
 g - 3 potions of curing
 h - 2 potions of heal wounds {unknown}
 j - a potion of might
 n - a potion of invisibility {unknown}
 s - a potion of haste {unknown}
 t - 2 potions of degeneration {unknown}
 v - 2 potions of mutation {unknown}
 G - a potion of attraction {unknown}


   Skills:
 * Level 4.9 Fighting
 + Level 5.0 Short Blades
 + Level 3.0 Throwing
 + Level 3.0 Armour
 + Level 2.9 Dodging
 + Level 9.9 Stealth
 * Level 4.3 Shields
 * Level 0.2 Spellcasting
 * Level 0.2 Hexes


You had one spell level left.
You knew the following spells:

 Your Spells              Type           Power      Damage    Failure   Level
a - Anguish               Hex/Necr       0%         N/A       89%         4
b - Sigil of Binding      Hex            0%         N/A       52%         3

Your spell library contained the following spells:

 Spells                   Type           Power      Damage    Failure   Level
 Sandblast                Erth           0%         2d4       24%         1
 Call Canine Familiar     Summ           0%         N/A       54%         3
 Passwall                 Erth           0%         N/A       54%         3
 Stone Arrow              Conj/Erth      0%         3d7       54%         3
 Cause Fear               Hex            0%         N/A       88%         4
 Dimensional Bullseye     Hex/Tloc       0%         N/A       89%         4
 Brom's Barrelling Bould  Conj/Erth      0%         2d3       90%         4
 Enfeeble                 Hex            0%         N/A       100%        7


Dungeon Overview and Level Annotations

Branches:
Dungeon (7/15)             Temple (1/1) D:6

Altars:
Ashenzari
Cheibriados
Dithmenos
Elyvilon
Fedhas
Gozag
Hepliaklqana
Kikubaaqudgha
Makhleb
Okawaru
Qazlal
Ru
Sif Muna
Trog
Uskayaw
Vehumet
Zin
The Shining One

Shops:
D:4 (

Annotations:
D:4 1 runed translucent door, yey's ghost, weakling DsEn
D:7 2 transporters


Innate Abilities, Weirdness & Mutations

You have razor-sharp teeth.
Your natural rate of healing is unusually fast.
When hurt, damage is shared between your health and your magic reserves.
Your bite disrupts and absorbs the magic of your enemies.
Potions cannot restore your health.


Message History

Okay, then.
Okay, then.
Found an escape hatch in the ceiling.
There is an escape hatch in the ceiling here.
There is an escape hatch in the ceiling here.
You see here a +0 long sword.
A bullfrog comes into view.
Found a whip.
The helpless bullfrog fails to defend itself.
You stick the bullfrog like a pincushion!!!
You kill the bullfrog!
An electric eel comes into view.
An orc warrior and a bullfrog come into view.
Found a scroll of teleportation.
You enter the shallow water.
Moving in this stuff is going to be slow.
The orc warrior attacks as it pursues you!
The orc warrior hits you with a +0 long sword!
Your unstable footing causes you to fumble your attack.
The orc warrior hits you with a +0 long sword!
Your unstable footing causes you to fumble your attack.
The orc warrior splashes around in the water.
The electric eel shoots out a bolt of lightning at you!
The bolt of electricity hits you.
The orc warrior attacks as it pursues you!
The orc warrior completely misses you.
You closely miss the electric eel.
The electric eel shoots out a bolt of lightning at you!
The bolt of electricity hits you!
The orc warrior hits you with a +0 long sword!
* * * LOW HITPOINT WARNING * * *
The bullfrog gives a loud, deep croak!
You feel very mighty all of a sudden.
The orc warrior hits you with a +0 long sword!
* * * LOW HITPOINT WARNING * * *
You puncture the electric eel! Your bite misses the electric eel.
The electric eel is almost dead.
The electric eel shoots out a bolt of lightning at you!
The bolt of electricity hits you!
You die...

▒∙▒▒▒▒▒∙▒▒▒∙▒∙▒∙▒▒▒∙∙∙▒∙▒
▒▒∙▒▒▒▒ ▒▒∙∙▒▒▒▒∙∙∙▒▒▒∙▒▒
▒▒▒▒▒∙▒ ▒∙∙∙∙∙
▒▒▒▒∙▒▒∙▒▒▒▒ ▒▒∙▒ ▒▒∙▒▒
∙∙∙∙∙▒ ▒ ▒▒∙∙▒▒ ▒∙∙ ▒▒∙▒▒
∙▒∙∙∙∙ ▒ ▒▒▒▒
▒▒▒▒▒▒▒▒▒▒▒∙▒▒▒ ∙∙∙∙∙▒
∙∙∙∙∙∙∙∙∙∙∙∙∙∙▒▒ ∙▒▒
~~≈~~~~≈~≈~~~≈~▒ ▒
~~≈~~~So≈~~≈~~~▒
∙∙∙∙∙∙∙f∙∙∙F?∙▒▒
▒▒▒▒▒▒▒▒▒▒▒▒▒▒▒


You could see an orc warrior, a bullfrog and an electric eel.

Vanquished Creatures
  Sigmund (D:2)
  3 yaks (D:5)
  A basilisk (D:7)
  A water moccasin (D:7)
  A black bear (D:7)
  An ogre (D:5)
  3 centaurs
  A kobold brigand (D:6)
  3 bullfrogs
  A gnoll sergeant (D:7)
  3 scorpions
  A bombardier beetle (D:4)
  3 hounds
  5 orc priests
  2 sleepcaps
  Natasha (twice) (D:2)
  An iguana (D:6)
  3 orc wizards
  11 gnolls
  7 adders
  3 shadow imps
  4 ufetubi (D:6)
  2 ribbon worms (D:4)
  4 dart slugs
  15 orcs
  5 ball pythons
  8 bats
  2 endoplasms (D:1)
  A giant cockroach (D:2)
  7 goblins
  2 hobgoblins
  2 jackals (D:3)
  13 kobolds
  2 quokkas
  7 frilled lizards
  6 rats
137 creatures vanquished.

Vanquished Creatures (others)
  An orc wizard (D:5)
1 creature vanquished.

Grand Total: 138 creatures vanquished

Notes
Turn   | Place    | Note
-------+----------+-------------------------------------------
     0 | D:1      | Zeor the Vine Stalker Brigand began the quest for the Orb.
     0 | D:1      | Reached XP level 1. HP: 11/11 MP: 2/2
    29 | D:1      | Reached skill level 5 in Stealth
   108 | D:1      | Reached XP level 2. HP: 15/15 MP: 3/3
   457 | D:1      | You fall into a shaft and drop 1 floor!
   502 | D:2      | Noticed Sigmund
   507 | D:2      | Killed Sigmund
   508 | D:2      | Reached skill level 7 in Stealth
   508 | D:2      | Reached XP level 3. HP: 19/19 MP: 4/4
   508 | D:2      | Reached XP level 4. HP: 23/23 MP: 5/5
   508 | D:2      | Reached XP level 5. HP: 27/27 MP: 6/6
  1449 | D:2      | Noticed Natasha
  1462 | D:2      | Killed Natasha
  1463 | D:2      | Reached skill level 1 in Dodging
  1463 | D:2      | Reached XP level 6. HP: 31/32 MP: 7/7
  1536 | D:2      | Noticed Natasha
  1714 | D:2      | Killed Natasha
  1715 | D:2      | Reached skill level 8 in Stealth
  2287 | D:3      | Found a blossoming altar of Fedhas.
  2485 | D:3      | Reached skill level 1 in Shields
  2679 | D:4      | Found a glowing golden altar of the Shining One.
  2742 | D:4      | Found a bloodstained altar of Trog.
  2880 | D:4      | Found Liamut's Weapon Shop.
  3065 | D:4      | Found a runed translucent door.
  3065 | D:4      | Noticed yey's ghost (weakling DsEn)
  3148 | D:5      | Entered Level 5 of the Dungeon
  3170 | D:5      | Reached XP level 7. HP: 23/35 MP: 5/8
  3334 | D:5      | Found an ancient bone altar of Kikubaaqudgha.
  3451 | D:5      | Reached skill level 1 in Armour
  3493 | D:5      | Found a sacrificial altar of Ru.
  3593 | D:5      | Noticed a yak
  3650 | D:5      | Noticed a yak
  3670 | D:5      | Killed a yak
  3671 | D:5      | Reached skill level 9 in Stealth
  3671 | D:5      | Gained mutation: You have razor-sharp teeth. [Vine Stalker
                  | growth]
  3671 | D:5      | Reached XP level 8. HP: 41/41 MP: 9/9
  3671 | D:5      | Noticed a yak
  3681 | D:5      | Killed a yak
  3686 | D:5      | Killed a yak
  3825 | D:5      | Found a hazy altar of Hepliaklqana.
  4262 | D:6      | Found a broken altar of Ashenzari.
  4396 | D:6      | Reached XP level 9. HP: 46/46 MP: 6/10
  4461 | D:6      | Found a hide-covered altar of Uskayaw.
  4716 | D:6      | Found a staircase to the Ecumenical Temple.
  4722 | Temple   | Entered the Ecumenical Temple
  5036 | D:7      | Found a burning altar of Makhleb.
  5036 | D:7      | Found a white marble altar of Elyvilon.
  5040 | D:7      | Noticed a hornet
  5042 | D:7      | Found a transporter.
  5054 | D:7      | Found a transporter.
  5134 | D:7      | Identified the ring of Geamoilo {Wiz Will+}
  5201 | D:7      | Reached skill level 5 in Short Blades
  5206 | D:7      | Learned a level 3 spell: Sigil of Binding
  5211 | D:7      | Learned a level 4 spell: Anguish
  5358 | D:7      | HP: 1/46 [orc warrior/+0 long sword (9)]
  5359 | D:7      | Killed from afar by an electric eel

Illustrated notes

Levels and vault maps discovered:
D:1:      minmay_arrival_doors, layout_loops_corners, serial_forest,
          infiniplex_forest_lined_2, infiniplex_forest_lined_room_,
          infiniplex_forest_end_2, infiniplex_forest_end_1,
          infiniplex_forest_straight_5, infiniplex_forest_clump_diagonal,
          infiniplex_forest_lined_2, infiniplex_forest_diagonal,
          infiniplex_forest_lined_3_way, hangedman_decor_points, st_stairs_13,
          columned_hall_lemuel
D:2:      layout_basic, minmay_puff, uniq_sigmund, uniq_natasha
D:3:      layout_basic, mainiacjoe_overflow_chevrons,
          nicolae_kite_square_tiling_tiny
D:4:      layout_rooms, mainiacjoe_overflow_boulevard, bloody_trog,
          gammafunk_ghost_grave, serial_shops, nicolae_lakefront_shop,
          st_stairs_9, minmay_misc_feat_encased, kennysheep_generic_room_2
D:5:      layout_basic, worldfamousw_hep_ancestral_shrine,
          kiku_gazebo_pond_becter, nicolae_ru_great_annihilating_truth
D:6:      layout_cave_pools, overflow_temple_1_default,
          nicolae_uskayaw_suspiria, temple_green, minmay_misc_feat_more_columns
D:7:      wad_river_or_something, layout_cave_pools,
          nicolae_wu_jian_wuxing_cycle, gammafunk_temple_overflow_arena,
          nicolae_elevator_lobby_asterisk
Temple:   pf_temple_reverse_labyrinth

Skill      XL: |  1  2  3  4  5  6  7  8  9 |
---------------+----------------------------+-----
Stealth        | 5 7 8 9 |  9.9
Fighting       | 2 3 4 |  4.9
Short Blades   | 2 3 4 5 |  5.0
Throwing       | 2 3 |  3.0
Dodging        | 1 2 |  2.9
Shields        | 1 2 3 4 |  4.3
Armour         | 1 2 3 |  3.0
Spellcasting   | |  0.2
Hexes          | |  0.2

Action                     |  1- 3 |  4- 6 |  7- 9 || total
---------------------------+-------+-------+-------++-------
  Melee: Dagger            |    18 |       |     2 ||    20
         Short sword       |     3 |   108 |   141 ||   252
         Bite              |     2 |    27 |    60 ||    89
         Rapier            |       |       |    49 ||    49
  Throw: Dart              |       |     2 |    22 ||    24
         Javelin           |       |       |     2 ||     2
    Use: Scroll            |       |    10 |     5 ||    15
         Potion            |       |       |     4 ||     4
   Stab: Sleeping          |    12 |    26 |     9 ||    47
         Paralysed         |       |       |     1 ||     1
 Armour: Robe              |     6 |    37 |       ||    43
         Leather armour    |       |    13 |    97 ||   110
         Skin              |       |       |    22 ||    22
  Dodge: Dodged            |     7 |    51 |   150 ||   208
  Block: Buckler           |       |     8 |    56 ||    64
